AoeStats
← Leão

Arabia

504466976Analyzed
1v1 RM · 27d ago on Sep 5, 2026· 46m 26s· 2 players
Game mode
Random Map
Map size
Tiny (2 player)
Population
200
Speed
Normal
Resources
Standard
Victory
Conquest
Starting age
Dark Age
Ending age
Imperial Age
RankedLock teamsTeams togetherTeam positionsShared explorationLock speedFull tech treeHidden civsTurbo modeCheats
Victory
Defeat
🇧🇷 Magyars · Brazil
1279
+15
🇺🇸 Tatars · United States
1261
-15
jtowen.nc
9:15 Feudal Age
8:52 Loom
9:47 Double-Bit Axe
19:38 Castle Age
18:27 Scale Barding Armor
18:24 Horse Collar
18:36 Gold Mining
18:59 Bloodlines
21:30 Bow Saw
22:43 Forging
25:25 Fletching
26:24 Bodkin Arrow
26:54 Elite Skirmisher
27:37 Padded Archer Armor
31:15 Heavy Plow
31:59 Chain Barding Armor
40:32 Imperial Age
38:38 Husbandry
39:26 Iron Casting
39:44 Gold Shaft Mining
39:00 Stone Mining
40:04 Leather Archer Armor
42:20 Bracer
42:42 Ballistics
43:22 Chemistry
45:34 Plate Barding Armor
45:59 Blast Furnace
Leão
6:45 Loom
9:43 Feudal Age
10:51 Double-Bit Axe
17:34 Fletching
22:05 Castle Age
21:27 Horse Collar
21:39 Gold Mining
22:29 Padded Archer Armor
23:18 Bloodlines
23:10 Bodkin Arrow
23:51 Bow Saw
26:35 Wheelbarrow
30:27 Stone Mining
30:55 Town Watch
32:11 Husbandry
32:13 Light Cavalry
34:04 Ballistics
34:39 Scale Barding Armor
34:50 Leather Archer Armor
35:04 Thumb Ring
37:33 Hand Cart
41:30 Imperial Age
39:31 Corvinian Army
40:19 Chain Barding Armor
42:36 Conscription
42:20 Recurve Bow
42:24 Bracer
42:54 Ring Archer Armor
43:00 Plate Barding Armor
43:28 Chemistry
42:59 Parthian Tactics
42:39 Hussar
45:09 Two-Man Saw
43:56 Heavy Cavalry Archer
Connection lost

Rejoining the realm…

Still unreachable

The connection could not be restored.

Session expired

The server has moved on; the page needs a fresh start.